Red Wings vs Canadiens
(R1)
Created - 9 mars 2013 at 19:05
Goals
|
| Red Wings |
3 |
1 |
1 |
5 |
| Canadiens |
3 |
2 |
1 |
6 |
|
Shots
|
| Red Wings |
8 |
15 |
13 |
36 |
| Canadiens |
19 |
10 |
3 |
32 |
|
1st period
1. Red Wings , Sean Bergenheim 15 (Jarome Iginla, Jan Bulis) at 10:43
2. Canadiens , Tomas Holmstrom 13 (Alexei Yashin) at 11:41
3. Red Wings , Jarome Iginla 28 (Shea Weber, Sean Bergenheim) at 11:51
4. Red Wings , Jarome Iginla 29 (Sean Bergenheim) at 12:10
5. Canadiens , Alexei Yashin 6 (Tomas Holmstrom) at 16:12
6. Canadiens , Mike York 17 (Robert Nilsson, Marek Svatos) at 17:17
Penalties :
No Penalty
2nd period
7. Canadiens , Tomas Holmstrom 14 (Alexei Yashin) at 0:33
8. Canadiens , Tyler Arnason 3 (Ryane Clowe, Patrick Eaves) at 6:28
9. Red Wings , Simon Gagné 17 (Mike Richards) at 10:47
Penalties :
Jeff Woywitka (Mon) for Holding (Minor) at 1:33, Alexei Morozov (Det) for Interference (Minor) at 6:33, Marek Svatos (Mon) for Interference (Minor) at 11:41
3rd period
10. Canadiens , Jeff Woywitka 3 (Robert Nilsson, Marek Svatos) at 4:40
11. Red Wings , Simon Gagné 18 (Alexei Morozov, Shea Weber) at 5:39
Penalties :
Joffrey Lupul (Mon) for Hooking (Minor) at 6:09, Simon Gagné (Det) for Hooking (Minor) at 7:01, Alexei Yashin (Mon) for Tripping (Minor) at 10:11, Mike York (Mon) for Hooking (Minor) at 16:42
Goalie Stats
Jonathan Quick (Det), 19 saves from 24 shots - (0,792), 26:28 minutes
Mike Smith (Det), 7 saves from 8 shots - (0,875), L, 3-7-0, 32:32 minutes
Kari Lehtonen (Mon), 31 saves from 36 shots - (0,861), W, 15-15-4, 60:00 minutes
Players Stats for Red Wings
Player Name G A P +/- PIM S H SB GA TA FO MP PP MP PK MP
------------------------------------------------------------------------------------
Alexei Morozov 0 1 1 -1 2 3 0 0 0 2 0/0 18:56 4:05 0:00
Brian Sutherby 0 0 0 0 0 1 0 0 0 0 3/4 12:28 0:15 0:48
Christian Backman 0 0 0 2 0 0 1 0 0 0 0/0 11:17 0:00 0:45
Christian Laflamme 0 0 0 2 0 0 2 0 0 1 0/0 10:15 0:00 0:00
Donald Brashear 0 0 0 -1 0 1 1 0 0 0 0/0 9:04 0:15 0:38
Jan Bulis 0 1 1 1 0 3 2 0 0 0 19/34 21:02 4:28 1:25
Jarome Iginla 2 1 3 1 0 5 2 0 1 0 0/0 21:02 4:28 1:25
Kim Johnsson 0 0 0 -3 0 4 2 0 1 0 0/0 27:10 4:26 1:52
Lubos Bartecko 0 0 0 0 0 0 4 0 0 1 0/1 10:26 0:15 0:00
Mathieu Dandenault 0 0 0 -1 0 1 1 0 0 0 0/0 8:09 0:00 0:00
Maxim Kondratiev 0 0 0 0 0 1 0 0 0 2 0/0 22:35 4:22 0:59
Mike Richards 0 1 1 -1 0 0 3 0 0 0 7/18 17:41 4:05 0:00
Paul Martin 0 0 0 -3 0 1 0 2 2 0 0/0 22:35 4:22 0:14
Peter Schaefer 0 0 0 0 0 2 1 0 1 0 0/0 11:05 0:00 0:52
Radek Bonk 0 0 0 -1 0 2 1 0 0 0 1/4 8:09 0:00 0:00
Sean Bergenheim 1 2 3 1 0 6 2 0 0 1 0/0 18:43 4:28 0:00
Shea Weber 0 2 2 0 0 1 1 1 0 0 0/0 26:08 4:26 1:52
Simon Gagné 2 0 2 -1 2 5 2 0 3 0 1/1 19:15 4:04 0:34
Players Stats for Canadiens
Player Name G A P +/- PIM S H SB GA TA FO MP PP MP PK MP
------------------------------------------------------------------------------------
Alexei Yashin 1 2 3 3 2 1 3 1 0 1 7/12 16:56 1:05 2:04
Éric Desjardins 0 0 0 2 0 2 1 3 0 0 0/0 28:04 1:24 4:57
Jamie Lundmark 0 0 0 -1 0 1 1 0 0 1 1/3 10:11 0:00 2:26
Jeff Woywitka 1 0 1 2 2 1 2 3 0 1 0/0 26:55 1:24 3:53
Joffrey Lupul 0 0 0 3 2 0 2 0 0 1 0/0 11:46 0:38 0:00
Marek Svatos 0 2 2 -1 2 3 3 1 1 0 0/0 16:14 1:08 0:00
Mark Stuart 0 0 0 -1 0 2 0 0 0 0 0/0 11:37 0:00 0:20
Michel Ouellet 0 0 0 -1 0 0 1 0 0 0 0/0 9:03 1:05 0:00
Mike York 1 0 1 -1 2 3 0 0 1 0 0/0 22:51 1:08 3:47
Patrick Eaves 0 1 1 0 0 1 1 0 1 0 0/0 10:36 0:00 0:00
Robert Nilsson 0 2 2 -1 0 4 1 2 2 2 18/40 22:41 1:08 4:54
Ryan Bayda 0 0 0 -1 0 2 2 1 0 0 1/1 11:50 0:00 2:25
Ryane Clowe 0 1 1 0 0 1 0 0 0 0 0/1 11:15 0:38 0:00
Shane O'Brien 0 0 0 0 0 2 3 0 0 0 0/0 20:20 1:27 3:51
Sheldon Souray 0 0 0 -1 0 3 0 0 0 1 0/0 12:40 0:00 0:44
Tomas Holmstrom 2 1 3 3 0 3 1 0 1 1 1/1 14:28 1:05 1:43
Tyler Arnason 1 0 1 0 0 3 2 0 1 0 3/4 11:54 0:38 0:17
Tyler Sloan 0 0 0 0 0 0 0 0 0 0 0/0 20:39 1:27 3:51
3 Stars
1 - Tomas Holmstrom (Mon)
2 - Jarome Iginla (Det)
3 - Alexei Yashin (Mon)
Power Play
Red Wings - 0 on 5 Attempt(s) - 0,00%
Canadiens - 0 on 2 Attempt(s) - 0,00%
Penalty Kill
Red Wings - 2 on 2 Attempt(s) - 100,00%
- Score 0 goal in Penalty Kill
Canadiens - 5 on 5 Attempt(s) - 100,00%
- Score 0 goal in Penalty Kill
Official
Referees : Rooney Chris and Kozari Steve
Linesman : Steve Miller and Steve Barton
Game Notes
Mike Smith enters game at 6:28 of 2nd period
Finance
Level 1 -- Attendance: 5303 (88,38%) -- Ticket Income 477 270 $
Level 2 -- Attendance: 4554 (91,08%) -- Ticket Income 250 470 $
Level 3 -- Attendance: 1837 (91,85%) -- Ticket Income 55 110 $
Level 4 -- Attendance: 3580 (89,50%) -- Ticket Income 60 860 $
Luxury Box -- Attendance: 962 (96,20%) -- Ticket Income 173 160 $
Game was played at the Centre Bell
Total Attendance: 16236 (90,20%)
Total Ticket Income: 1 016 870 $
Total Income: 1 016 870 $
Red Wings
5 vs 5 Forward
Center Left Wing Right Wing Time % Phy DF OF
1 Jan Bulis Sean Bergenheim Jarome Iginla 40 0 2 3
2 Mike Richards Simon Gagné Alexei Morozov 35 0 2 3
3 Brian Sutherby Peter Schaefer Lubos Bartecko 20 0 2 3
4 Radek Bonk Donald Brashear Mathieu Dandenault 5 0 3 2
5 vs 5 Defense
Defense Defense Time % Phy DF OF
1 Kim Johnsson Paul Martin 40 0 2 3
2 Shea Weber Maxim Kondratiev 35 0 2 3
3 Christian Backman Christian Laflamme 15 0 3 2
4 Kim Johnsson Shea Weber 10 0 3 2
PowerPlay Forward
Center Left Wing Right Wing Time % Phy DF OF
1 Jan Bulis Sean Bergenheim Jarome Iginla 50 0 1 4
2 Mike Richards Simon Gagné Alexei Morozov 50 0 1 4
PowerPlay Defense
Defense Defense Time % Phy DF OF
1 Kim Johnsson Shea Weber 60 0 2 3
2 Paul Martin Maxim Kondratiev 40 0 2 3
Penalty Kill 4 Players Forward
Center Wing Time % Phy DF OF
1 Jan Bulis Jarome Iginla 60 1 2 2
2 Brian Sutherby Simon Gagné 40 1 2 2
Penalty Kill 4 Players Defense
Defense Defense Time % Phy DF OF
1 Kim Johnsson Shea Weber 60 1 2 2
2 Christian Backman Maxim Kondratiev 40 1 2 2
Penalty Kill - 3 Players Forward
Forward Time % Phy DF OF
1 Jan Bulis 60 1 3 1
2 Brian Sutherby 40 1 3 1
Penalty Kill - 3 Players Defense
Defense Defense Time % Phy DF OF
1 Kim Johnsson Shea Weber 60 1 3 1
2 Christian Backman Maxim Kondratiev 40 1 3 1
4 vs 4 Forward
Center Wing Time % Phy DF OF
1 Jan Bulis Jarome Iginla 50 0 2 3
2 Mike Richards Alexei Morozov 50 0 2 3
4 vs 4 Defense
Defense Defense Time % Phy DF OF
1 Kim Johnsson Shea Weber 60 0 2 3
2 Paul Martin Maxim Kondratiev 40 0 2 3
Last Minutes Offensive
Center Left Wing Right Wing Defense Defense
Jan Bulis Simon Gagné Jarome Iginla Kim Johnsson Shea Weber
Last Minutes Defensive
Center Left Wing Right Wing Defense Defense
Jan Bulis Peter Schaefer Jarome Iginla Kim Johnsson Shea Weber
Goaltenders
Starting : Jonathan Quick
Backup : Mike Smith
Extra Forwards
Normal : Alexei Morozov, Jarome Iginla, Mike Richards - PP : Sean Bergenheim, Jarome Iginla - PK : Peter Schaefer
Extra Defensemen
Normal : Shea Weber, Kim Johnsson, Paul Martin - PP : Shea Weber - PK : Christian Backman, Maxim Kondratiev
Penalty Shots
Simon Gagné, Alexei Morozov, Jarome Iginla, Mike Richards, Peter Schaefer
Canadiens
5 vs 5 Forward
Center Left Wing Right Wing Time % Phy DF OF
1 Robert Nilsson Mike York Marek Svatos 40 1 2 2
2 Alexei Yashin Tomas Holmstrom Joffrey Lupul 30 1 2 2
3 Tyler Arnason Ryane Clowe Patrick Eaves 20 1 2 2
4 Jamie Lundmark Ryan Bayda Michel Ouellet 10 1 2 2
5 vs 5 Defense
Defense Defense Time % Phy DF OF
1 Éric Desjardins Jeff Woywitka 40 1 2 2
2 Tyler Sloan Shane O'Brien 30 1 2 2
3 Mark Stuart Sheldon Souray 20 1 2 2
4 Éric Desjardins Jeff Woywitka 10 1 2 2
PowerPlay Forward
Center Left Wing Right Wing Time % Phy DF OF
1 Robert Nilsson Mike York Marek Svatos 60 1 2 2
2 Alexei Yashin Tomas Holmstrom Michel Ouellet 40 1 2 2
PowerPlay Defense
Defense Defense Time % Phy DF OF
1 Éric Desjardins Jeff Woywitka 60 1 2 2
2 Tyler Sloan Shane O'Brien 40 1 2 2
Penalty Kill 4 Players Forward
Center Wing Time % Phy DF OF
1 Robert Nilsson Mike York 60 1 2 2
2 Alexei Yashin Tomas Holmstrom 40 1 2 2
Penalty Kill 4 Players Defense
Defense Defense Time % Phy DF OF
1 Éric Desjardins Jeff Woywitka 60 1 2 2
2 Tyler Sloan Shane O'Brien 40 1 2 2
Penalty Kill - 3 Players Forward
Forward Time % Phy DF OF
1 Robert Nilsson 60 1 2 2
2 Mike York 40 1 2 2
Penalty Kill - 3 Players Defense
Defense Defense Time % Phy DF OF
1 Éric Desjardins Jeff Woywitka 60 1 2 2
2 Tyler Sloan Shane O'Brien 40 1 2 2
4 vs 4 Forward
Center Wing Time % Phy DF OF
1 Robert Nilsson Mike York 60 1 2 2
2 Alexei Yashin Tomas Holmstrom 40 1 2 2
4 vs 4 Defense
Defense Defense Time % Phy DF OF
1 Éric Desjardins Jeff Woywitka 60 1 2 2
2 Tyler Sloan Shane O'Brien 40 1 2 2
Last Minutes Offensive
Center Left Wing Right Wing Defense Defense
Robert Nilsson Mike York Marek Svatos Éric Desjardins Jeff Woywitka
Last Minutes Defensive
Center Left Wing Right Wing Defense Defense
Robert Nilsson Mike York Marek Svatos Éric Desjardins Jeff Woywitka
Goaltenders
Starting : Kari Lehtonen
Backup : Mikael Tellqvist
Extra Forwards
Normal : Tyler Arnason, Ryane Clowe, Jamie Lundmark - PP : Tyler Arnason, Ryane Clowe - PK : Jamie Lundmark
Extra Defensemen
Normal : Mark Stuart, Sheldon Souray, Tyler Sloan - PP : Mark Stuart - PK : Sheldon Souray, Tyler Sloan
Penalty Shots
Robert Nilsson, Mike York, Alexei Yashin, Tomas Holmstrom, Tyler Arnason
% Time on Ice - Red Wings
Lines # - Real PCT - Wanted PCT - Time Play
Normal Forward
1 - 32% - 40% - 14:32
2 - 29% - 35% - 13:08
3 - 22% - 20% - 10:11
4 - 18% - 5% - 8:09
Normal Defense
1 - 39% - 40% - 17:53
2 - 34% - 35% - 15:42
3 - 22% - 15% - 10:15
4 - 5% - 10% - 2:10
PP Forward
1 - 51% - 50% - 4:28
2 - 49% - 50% - 4:20
PP Defense
1 - 50% - 60% - 4:26
2 - 50% - 40% - 4:22
PK Forward
1 - 72% - 60% - 2:03
2 - 28% - 40% - 0:48
PK Defense
1 - 65% - 60% - 1:52
2 - 35% - 40% - 0:59
PK3 Forward
1 - 0% - 60%
2 - 0% - 40%
PK3 Defense
1 - 0% - 60%
2 - 0% - 40%
44 Forward
1 - 58% - 50% - 0:39
2 - 42% - 50% - 0:28
44 Defense
1 - 58% - 60% - 0:39
2 - 42% - 40% - 0:28
Last Minute Offensive - 1:14
Last Minute Defensive - 0:00
Total
Forward - 60:00
Defense - 60:00
|
% Time on Ice - Canadiens
Lines # - Real PCT - Wanted PCT - Time Play
Normal Forward
1 - 37% - 40% - 17:23
2 - 24% - 30% - 11:30
3 - 22% - 20% - 10:36
4 - 16% - 10% - 7:45
Normal Defense
1 - 40% - 40% - 18:43
2 - 33% - 30% - 15:33
3 - 22% - 20% - 10:30
4 - 5% - 10% - 2:28
PP Forward
1 - 62% - 60% - 1:46
2 - 38% - 40% - 1:05
PP Defense
1 - 49% - 60% - 1:24
2 - 51% - 40% - 1:27
PK Forward
1 - 80% - 60% - 7:05
2 - 20% - 40% - 1:43
PK Defense
1 - 56% - 60% - 4:57
2 - 44% - 40% - 3:51
PK3 Forward
1 - 0% - 60%
2 - 0% - 40%
PK3 Defense
1 - 0% - 60%
2 - 0% - 40%
44 Forward
1 - 85% - 60% - 0:57
2 - 15% - 40% - 0:10
44 Defense
1 - 99% - 60% - 1:06
2 - 1% - 40% - 0:01
Last Minute Offensive - 0:00
Last Minute Defensive - 0:00
Total
Forward - 60:00
Defense - 60:00
|
Play by Play
1st period
0:01 of 1st period - Jan Bulis wins face-off versus Robert Nilsson in neutral zone.
0:06 of 1st period - Snap shot by Sean Bergenheim.
0:06 of 1st period - Stopped by Kari Lehtonen without a rebound.
0:07 of 1st period - Robert Nilsson wins face-off versus Jan Bulis in Canadiens zone.
0:49 of 1st period - Off-side.
0:50 of 1st period - Mike Richards wins face-off versus Alexei Yashin in neutral zone.
0:59 of 1st period - Mike Richards is hit by Joffrey Lupul and loses puck.
1:20 of 1st period - Snap shot by Alexei Yashin.
1:20 of 1st period - Shot Misses the Net.
1:38 of 1st period - Snap shot by Ryan Bayda.
1:38 of 1st period - Stopped by Jonathan Quick with a rebound.
1:40 of 1st period - Slapshot by Jamie Lundmark.
1:40 of 1st period - Stopped by Jonathan Quick without a rebound.
1:41 of 1st period - Radek Bonk wins face-off versus Jamie Lundmark in Red Wings zone.
1:41 of 1st period - Radek Bonk is hit by Ryan Bayda.
2:20 of 1st period - Icing by Mark Stuart.
2:21 of 1st period - Alexei Yashin wins face-off versus Lubos Bartecko in Canadiens zone.
2:42 of 1st period - Snap shot by Tomas Holmstrom.
2:42 of 1st period - Stopped by Jonathan Quick with a rebound.
2:44 of 1st period - Slapshot by Sheldon Souray.
2:44 of 1st period - Stopped by Jonathan Quick with a rebound.
3:21 of 1st period - Snap shot by Tomas Holmstrom.
3:21 of 1st period - Shot Misses the Net.
3:23 of 1st period - Slapshot by Mark Stuart.
3:23 of 1st period - Stopped by Jonathan Quick with a rebound.
3:33 of 1st period - Wrist shot by Peter Schaefer.
3:33 of 1st period - Stopped by Kari Lehtonen with a rebound.
3:48 of 1st period - Backhand shot by Alexei Yashin.
3:48 of 1st period - Deflect By Tomas Holmstrom.
3:48 of 1st period - Shot Misses the Net.
3:48 of 1st period - Puck is out of play.
3:49 of 1st period - Jan Bulis wins face-off versus Robert Nilsson in Red Wings zone.
4:51 of 1st period - Snap shot by Ryan Bayda.
4:51 of 1st period - Shot Misses the Net.
5:48 of 1st period - Christian Laflamme is hit by Patrick Eaves and loses puck.
7:30 of 1st period - Sean Bergenheim is hit by Jeff Woywitka and loses puck.
8:57 of 1st period - Lubos Bartecko is hit by Marek Svatos and loses puck.
9:22 of 1st period - Mark Stuart is hit by Kim Johnsson and loses puck.
9:29 of 1st period - Radek Bonk is hit by Shane O'Brien and loses puck.
9:40 of 1st period - Éric Desjardins is hit by Kim Johnsson.
10:01 of 1st period - Tyler Sloan is hit by Jan Bulis and loses puck.
10:39 of 1st period - Jan Bulis is hit by Tyler Arnason.
10:43 of 1st period - Wrist shot by Sean Bergenheim.
10:43 of 1st period - Deflect By Tyler Sloan.
10:43 of 1st period - Goal by Sean Bergenheim - Red Wings : 1 - Canadiens : 0.
10:44 of 1st period - Jan Bulis wins face-off versus Robert Nilsson in neutral zone.
11:41 of 1st period - Slapshot by Tomas Holmstrom.
11:41 of 1st period - Goal by Tomas Holmstrom - Red Wings : 1 - Canadiens : 1.
11:42 of 1st period - Jan Bulis wins face-off versus Robert Nilsson in neutral zone.
11:49 of 1st period - Wrist shot by Sean Bergenheim.
11:49 of 1st period - Stopped by Kari Lehtonen with a rebound.
11:51 of 1st period - Slapshot by Shea Weber.
11:51 of 1st period - Deflect By Jarome Iginla.
11:51 of 1st period - Goal by Jarome Iginla - Red Wings : 2 - Canadiens : 1.
11:52 of 1st period - Jan Bulis wins face-off versus Robert Nilsson in neutral zone.
11:59 of 1st period - Slapshot by Shea Weber.
11:59 of 1st period - Deflect By Sean Bergenheim.
11:59 of 1st period - Stopped by Kari Lehtonen without a rebound.
12:00 of 1st period - Robert Nilsson wins face-off versus Jan Bulis in Canadiens zone.
12:00 of 1st period - Robert Nilsson is hit by Sean Bergenheim.
12:10 of 1st period - Slapshot by Jarome Iginla.
12:10 of 1st period - Goal by Jarome Iginla - Red Wings : 3 - Canadiens : 1.
12:11 of 1st period - Jan Bulis wins face-off versus Robert Nilsson in neutral zone.
12:54 of 1st period - Off-side.
12:55 of 1st period - Brian Sutherby wins face-off versus Alexei Yashin in neutral zone.
12:58 of 1st period - Tyler Sloan is hit by Lubos Bartecko and loses puck.
13:09 of 1st period - Snap shot by Peter Schaefer.
13:09 of 1st period - Stopped by Kari Lehtonen without a rebound.
13:10 of 1st period - Robert Nilsson wins face-off versus Jan Bulis in Canadiens zone.
13:31 of 1st period - Shane O'Brien is hit by Jarome Iginla and loses puck.
13:54 of 1st period - Wrist shot by Robert Nilsson.
13:54 of 1st period - Stopped by Jonathan Quick without a rebound.
13:55 of 1st period - Tyler Arnason wins face-off versus Mike Richards in Red Wings zone.
14:11 of 1st period - Wrist shot by Patrick Eaves.
14:11 of 1st period - Stopped by Jonathan Quick without a rebound.
14:12 of 1st period - Brian Sutherby wins face-off versus Alexei Yashin in Red Wings zone.
14:12 of 1st period - Brian Sutherby is hit by Joffrey Lupul.
15:01 of 1st period - Snap shot by Mike York.
15:01 of 1st period - Stopped by Jonathan Quick without a rebound.
15:02 of 1st period - Robert Nilsson wins face-off versus Jan Bulis in Red Wings zone.
15:23 of 1st period - Maxim Kondratiev is hit by Marek Svatos and loses puck.
15:42 of 1st period - Slapshot by Robert Nilsson.
15:42 of 1st period - Stopped by Jonathan Quick with a rebound.
15:44 of 1st period - Slapshot by Éric Desjardins.
15:44 of 1st period - Stopped by Jonathan Quick with a rebound.
15:46 of 1st period - Wrist shot by Marek Svatos.
15:46 of 1st period - Stopped by Jonathan Quick with a rebound.
16:04 of 1st period - Snap shot by Marek Svatos.
16:04 of 1st period - Stopped by Jonathan Quick with a rebound.
16:06 of 1st period - Wrist shot by Robert Nilsson.
16:06 of 1st period - Shot Misses the Net.
16:08 of 1st period - Snap shot by Robert Nilsson.
16:08 of 1st period - Stopped by Jonathan Quick without a rebound.
16:09 of 1st period - Alexei Yashin wins face-off versus Jan Bulis in Red Wings zone.
16:12 of 1st period - Wrist shot by Alexei Yashin.
16:12 of 1st period - Goal by Alexei Yashin - Red Wings : 3 - Canadiens : 2.
16:13 of 1st period - Alexei Yashin wins face-off versus Jan Bulis in neutral zone.
16:16 of 1st period - Jarome Iginla is hit by Alexei Yashin and loses puck.
16:45 of 1st period - Off-side.
16:46 of 1st period - Mike Richards wins face-off versus Ryane Clowe in neutral zone.
17:09 of 1st period - Backhand shot by Patrick Eaves.
17:09 of 1st period - Shot Blocked by Shea Weber.
17:11 of 1st period - Snap shot by Sheldon Souray.
17:11 of 1st period - Stopped by Jonathan Quick without a rebound.
17:12 of 1st period - Robert Nilsson wins face-off versus Jan Bulis in Red Wings zone.
17:13 of 1st period - Wrist shot by Marek Svatos.
17:13 of 1st period - Stopped by Jonathan Quick with a rebound.
17:15 of 1st period - Wrist shot by Robert Nilsson.
17:15 of 1st period - Shot Misses the Net.
17:17 of 1st period - Slapshot by Mike York.
17:17 of 1st period - Goal by Mike York - Red Wings : 3 - Canadiens : 3.
17:18 of 1st period - Jan Bulis wins face-off versus Robert Nilsson in neutral zone.
17:21 of 1st period - Slapshot by Kim Johnsson.
17:21 of 1st period - Shot Blocked by Jeff Woywitka.
17:27 of 1st period - Jan Bulis is hit by Robert Nilsson and loses puck.
17:32 of 1st period - Snap shot by Mike York.
17:32 of 1st period - Stopped by Jonathan Quick without a rebound.
17:33 of 1st period - Tomas Holmstrom wins face-off versus Mike Richards in Red Wings zone.
19:37 of 1st period - Christian Laflamme is hit by Tyler Arnason and loses puck.
19:46 of 1st period - Mark Stuart is hit by Radek Bonk and loses puck.
2nd period
0:01 of 2nd period - Jan Bulis wins face-off versus Robert Nilsson in neutral zone.
0:06 of 2nd period - Wrist shot by Jarome Iginla.
0:06 of 2nd period - Shot Misses the Net.
0:08 of 2nd period - Wrist shot by Sean Bergenheim.
0:08 of 2nd period - Deflect By Jarome Iginla.
0:08 of 2nd period - Stopped by Kari Lehtonen with a rebound.
0:10 of 2nd period - Slapshot by Kim Johnsson.
0:10 of 2nd period - Stopped by Kari Lehtonen with a rebound.
0:12 of 2nd period - Wrist shot by Sean Bergenheim.
0:12 of 2nd period - Shot Blocked by Éric Desjardins.
0:14 of 2nd period - Wrist shot by Sean Bergenheim.
0:14 of 2nd period - Stopped by Kari Lehtonen with a rebound.
0:16 of 2nd period - Snap shot by Sean Bergenheim.
0:16 of 2nd period - Shot Misses the Net.
0:26 of 2nd period - Alexei Morozov is hit by Éric Desjardins and loses puck.
0:33 of 2nd period - Snap shot by Tomas Holmstrom.
0:33 of 2nd period - Goal by Tomas Holmstrom - Red Wings : 3 - Canadiens : 4.
0:34 of 2nd period - Jan Bulis wins face-off versus Robert Nilsson in neutral zone.
0:41 of 2nd period - Wrist shot by Jan Bulis.
0:41 of 2nd period - Shot Blocked by Jeff Woywitka.
0:44 of 2nd period - Icing by Éric Desjardins.
0:45 of 2nd period - Jan Bulis wins face-off versus Robert Nilsson in Canadiens zone.
0:48 of 2nd period - Snap shot by Jan Bulis.
0:48 of 2nd period - Deflect By Robert Nilsson.
0:48 of 2nd period - Stopped by Kari Lehtonen with a rebound.
1:00 of 2nd period - Snap shot by Marek Svatos.
1:00 of 2nd period - Shot Misses the Net.
1:06 of 2nd period - Snap shot by Marek Svatos.
1:06 of 2nd period - Shot Misses the Net.
1:33 of 2nd period - Minor Penalty to Jeff Woywitka for Holding.
1:34 of 2nd period - Mike Richards wins face-off versus Robert Nilsson in Canadiens zone.
1:41 of 2nd period - Snap shot by Simon Gagné.
1:41 of 2nd period - Stopped by Kari Lehtonen with a rebound.
1:51 of 2nd period - Tyler Sloan is hit by Simon Gagné and loses puck.
2:14 of 2nd period - Sean Bergenheim is hit by Jamie Lundmark and loses puck.
3:21 of 2nd period - Slapshot by Kim Johnsson.
3:21 of 2nd period - Stopped by Kari Lehtonen without a rebound.
3:22 of 2nd period - Robert Nilsson wins face-off versus Mike Richards in Canadiens zone.
3:33 of 2nd period - Penalty to Jeff Woywitka is over, Jeff Woywitka is back on ice.
4:14 of 2nd period - Backhand shot by Robert Nilsson.
4:14 of 2nd period - Stopped by Jonathan Quick with a rebound.
4:16 of 2nd period - Slapshot by Sheldon Souray.
4:16 of 2nd period - Stopped by Jonathan Quick without a rebound.
4:17 of 2nd period - Alexei Yashin wins face-off versus Jan Bulis in Red Wings zone.
4:28 of 2nd period - Slapshot by Kim Johnsson.
4:28 of 2nd period - Stopped by Kari Lehtonen without a rebound.
4:29 of 2nd period - Alexei Yashin wins face-off versus Mike Richards in Canadiens zone.
4:44 of 2nd period - Snap shot by Alexei Morozov.
4:44 of 2nd period - Shot Misses the Net.
5:02 of 2nd period - Slapshot by Paul Martin.
5:02 of 2nd period - Shot Misses the Net.
6:10 of 2nd period - Snap shot by Ryane Clowe.
6:10 of 2nd period - Stopped by Jonathan Quick with a rebound.
6:28 of 2nd period - Wrist shot by Tyler Arnason.
6:28 of 2nd period - Goal by Tyler Arnason - Red Wings : 3 - Canadiens : 5.
6:28 of 2nd period - Mike Smith enters game.
6:29 of 2nd period - Alexei Yashin wins face-off versus Mike Richards in neutral zone.
6:33 of 2nd period - Minor Penalty to Alexei Morozov for Interference.
6:34 of 2nd period - Robert Nilsson wins face-off versus Jan Bulis in Red Wings zone.
7:05 of 2nd period - Shea Weber is hit by Alexei Yashin.
7:46 of 2nd period - Wrist shot by Robert Nilsson.
7:46 of 2nd period - Shot Misses the Net.
8:19 of 2nd period - Simon Gagné is hit by Alexei Yashin and loses puck.
8:33 of 2nd period - Penalty to Alexei Morozov is over, Alexei Morozov is back on ice.
9:12 of 2nd period - Off-side.
9:13 of 2nd period - Tyler Arnason wins face-off versus Radek Bonk in neutral zone.
9:16 of 2nd period - Slapshot by Sheldon Souray.
9:16 of 2nd period - Shot Misses the Net.
9:18 of 2nd period - Snap shot by Patrick Eaves.
9:18 of 2nd period - Shot Misses the Net.
9:20 of 2nd period - Snap shot by Ryane Clowe.
9:20 of 2nd period - Shot Misses the Net.
9:22 of 2nd period - Slapshot by Mark Stuart.
9:22 of 2nd period - Stopped by Mike Smith without a rebound.
9:23 of 2nd period - Jan Bulis wins face-off versus Alexei Yashin in Red Wings zone.
9:48 of 2nd period - Simon Gagné is hit by Marek Svatos and loses puck.
10:17 of 2nd period - Éric Desjardins is hit by Lubos Bartecko and loses puck.
10:24 of 2nd period - Brian Sutherby is hit by Ryan Bayda and loses puck.
10:43 of 2nd period - Slapshot by Sean Bergenheim.
10:43 of 2nd period - Stopped by Kari Lehtonen with a rebound.
10:45 of 2nd period - Wrist shot by Maxim Kondratiev.
10:45 of 2nd period - Stopped by Kari Lehtonen without a rebound.
10:46 of 2nd period - Mike Richards wins face-off versus Robert Nilsson in Canadiens zone.
10:47 of 2nd period - Snap shot by Simon Gagné.
10:47 of 2nd period - Goal by Simon Gagné - Red Wings : 4 - Canadiens : 5.
10:48 of 2nd period - Mike Richards wins face-off versus Robert Nilsson in neutral zone.
10:59 of 2nd period - Snap shot by Kim Johnsson.
10:59 of 2nd period - Shot Blocked by Éric Desjardins.
11:15 of 2nd period - Wrist shot by Jarome Iginla.
11:15 of 2nd period - Shot Misses the Net.
11:23 of 2nd period - Slapshot by Éric Desjardins.
11:23 of 2nd period - Stopped by Mike Smith without a rebound.
11:24 of 2nd period - Simon Gagné wins face-off versus Robert Nilsson in Red Wings zone.
11:24 of 2nd period - Simon Gagné is hit by Shane O'Brien.
11:40 of 2nd period - Slapshot by Simon Gagné.
11:40 of 2nd period - Stopped by Kari Lehtonen with a rebound.
11:41 of 2nd period - Minor Penalty to Marek Svatos for Interference.
11:42 of 2nd period - Robert Nilsson wins face-off versus Jan Bulis in Canadiens zone.
11:51 of 2nd period - Mike York is hit by Sean Bergenheim and loses puck.
12:09 of 2nd period - Icing by Kim Johnsson.
12:10 of 2nd period - Robert Nilsson wins face-off versus Mike Richards in Red Wings zone.
13:41 of 2nd period - Penalty to Marek Svatos is over, Marek Svatos is back on ice.
14:02 of 2nd period - Mark Stuart is hit by Peter Schaefer and loses puck.
14:21 of 2nd period - Snap shot by Tyler Arnason.
14:21 of 2nd period - Stopped by Mike Smith with a rebound.
14:23 of 2nd period - Snap shot by Tyler Arnason.
14:23 of 2nd period - Stopped by Mike Smith without a rebound.
14:24 of 2nd period - Alexei Yashin wins face-off versus Mike Richards in Red Wings zone.
14:33 of 2nd period - Snap shot by Alexei Morozov.
14:33 of 2nd period - Stopped by Kari Lehtonen with a rebound.
15:30 of 2nd period - Snap shot by Donald Brashear.
15:30 of 2nd period - Stopped by Kari Lehtonen without a rebound.
15:31 of 2nd period - Tyler Arnason wins face-off versus Radek Bonk in Canadiens zone.
15:31 of 2nd period - Tyler Arnason is hit by Donald Brashear.
15:39 of 2nd period - Wrist shot by Patrick Eaves.
15:39 of 2nd period - Shot Blocked by Paul Martin.
16:40 of 2nd period - Jamie Lundmark is hit by Lubos Bartecko and loses puck.
17:20 of 2nd period - Slapshot by Radek Bonk.
17:20 of 2nd period - Stopped by Kari Lehtonen without a rebound.
17:21 of 2nd period - Robert Nilsson wins face-off versus Jan Bulis in Canadiens zone.
18:07 of 2nd period - Icing by Michel Ouellet.
18:08 of 2nd period - Brian Sutherby wins face-off versus Jamie Lundmark in Canadiens zone.
18:34 of 2nd period - Slapshot by Shane O'Brien.
18:34 of 2nd period - Deflect By Lubos Bartecko.
18:34 of 2nd period - Stopped by Mike Smith without a rebound.
18:35 of 2nd period - Robert Nilsson wins face-off versus Jan Bulis in Red Wings zone.
19:27 of 2nd period - Snap shot by Brian Sutherby.
19:27 of 2nd period - Stopped by Kari Lehtonen with a rebound.
3rd period
0:01 of 3rd period - Jan Bulis wins face-off versus Robert Nilsson in neutral zone.
0:08 of 3rd period - Snap shot by Jan Bulis.
0:08 of 3rd period - Stopped by Kari Lehtonen without a rebound.
0:09 of 3rd period - Jan Bulis wins face-off versus Robert Nilsson in Canadiens zone.
0:44 of 3rd period - Wrist shot by Jarome Iginla.
0:44 of 3rd period - Stopped by Kari Lehtonen without a rebound.
0:45 of 3rd period - Mike Richards wins face-off versus Alexei Yashin in Canadiens zone.
1:10 of 3rd period - Ryane Clowe is hit by Lubos Bartecko and loses puck.
2:41 of 3rd period - Slapshot by Ryane Clowe.
2:41 of 3rd period - Shot Misses the Net.
2:51 of 3rd period - Shane O'Brien is hit by Mathieu Dandenault.
2:52 of 3rd period - Icing by Shane O'Brien.
2:53 of 3rd period - Ryan Bayda wins face-off versus Radek Bonk in Canadiens zone.
3:04 of 3rd period - Slapshot by Radek Bonk.
3:04 of 3rd period - Stopped by Kari Lehtonen with a rebound.
3:06 of 3rd period - Snap shot by Radek Bonk.
3:06 of 3rd period - Shot Misses the Net.
3:08 of 3rd period - Wrist shot by Donald Brashear.
3:08 of 3rd period - Deflect By Mathieu Dandenault.
3:08 of 3rd period - Stopped by Kari Lehtonen with a rebound.
3:15 of 3rd period - Off-side.
3:16 of 3rd period - Jan Bulis wins face-off versus Robert Nilsson in neutral zone.
3:21 of 3rd period - Snap shot by Paul Martin.
3:21 of 3rd period - Stopped by Kari Lehtonen with a rebound.
3:45 of 3rd period - Paul Martin is hit by Shane O'Brien and loses puck.
3:48 of 3rd period - Wrist shot by Kim Johnsson.
3:48 of 3rd period - Shot Misses the Net.
3:50 of 3rd period - Snap shot by Alexei Morozov.
3:50 of 3rd period - Stopped by Kari Lehtonen with a rebound.
4:28 of 3rd period - Snap shot by Ryan Bayda.
4:28 of 3rd period - Stopped by Mike Smith with a rebound.
4:30 of 3rd period - Snap shot by Shane O'Brien.
4:30 of 3rd period - Stopped by Mike Smith without a rebound.
4:31 of 3rd period - Robert Nilsson wins face-off versus Mike Richards in Red Wings zone.
4:36 of 3rd period - Snap shot by Marek Svatos.
4:36 of 3rd period - Shot Misses the Net.
4:38 of 3rd period - Backhand shot by Robert Nilsson.
4:38 of 3rd period - Shot Blocked by Paul Martin.
4:40 of 3rd period - Slapshot by Jeff Woywitka.
4:40 of 3rd period - Goal by Jeff Woywitka - Red Wings : 4 - Canadiens : 6.
4:41 of 3rd period - Jan Bulis wins face-off versus Robert Nilsson in neutral zone.
5:07 of 3rd period - Jeff Woywitka is hit by Simon Gagné and loses puck.
5:37 of 3rd period - Snap shot by Alexei Morozov.
5:37 of 3rd period - Stopped by Kari Lehtonen with a rebound.
5:39 of 3rd period - Snap shot by Simon Gagné.
5:39 of 3rd period - Goal by Simon Gagné - Red Wings : 5 - Canadiens : 6.
5:40 of 3rd period - Jan Bulis wins face-off versus Robert Nilsson in neutral zone.
6:05 of 3rd period - Kim Johnsson is hit by Tomas Holmstrom and loses puck.
6:09 of 3rd period - Minor Penalty to Joffrey Lupul for Hooking.
6:10 of 3rd period - Jan Bulis wins face-off versus Robert Nilsson in Canadiens zone.
6:11 of 3rd period - Wrist shot by Jarome Iginla.
6:11 of 3rd period - Shot Misses the Net.
6:17 of 3rd period - Snap shot by Jan Bulis.
6:17 of 3rd period - Stopped by Kari Lehtonen without a rebound.
6:18 of 3rd period - Jan Bulis wins face-off versus Robert Nilsson in Canadiens zone.
6:27 of 3rd period - Slapshot by Jan Bulis.
6:27 of 3rd period - Deflect By Sean Bergenheim.
6:27 of 3rd period - Shot Misses the Net.
6:27 of 3rd period - Puck is out of play.
6:28 of 3rd period - Jan Bulis wins face-off versus Robert Nilsson in Canadiens zone.
6:33 of 3rd period - Snap shot by Jarome Iginla.
6:33 of 3rd period - Shot Blocked by Jeff Woywitka.
6:35 of 3rd period - Wrist shot by Shea Weber.
6:35 of 3rd period - Deflect By Robert Nilsson.
6:35 of 3rd period - Stopped by Kari Lehtonen with a rebound.
6:53 of 3rd period - Éric Desjardins is hit by Mike Richards and loses puck.
7:01 of 3rd period - Minor Penalty to Simon Gagné for Hooking.
7:02 of 3rd period - Robert Nilsson wins face-off versus Jan Bulis in Red Wings zone.
7:11 of 3rd period - Slapshot by Jarome Iginla.
7:11 of 3rd period - Shot Blocked by Robert Nilsson.
7:13 of 3rd period - Snap shot by Kim Johnsson.
7:13 of 3rd period - Shot Misses the Net.
7:15 of 3rd period - Slapshot by Jarome Iginla.
7:15 of 3rd period - Shot Misses the Net.
7:17 of 3rd period - Slapshot by Kim Johnsson.
7:17 of 3rd period - Stopped by Kari Lehtonen without a rebound.
7:18 of 3rd period - Robert Nilsson wins face-off versus Mike Richards in Canadiens zone.
8:09 of 3rd period - Penalty to Joffrey Lupul is over, Joffrey Lupul is back on ice.
8:52 of 3rd period - Brian Sutherby is hit by Michel Ouellet and loses puck.
9:01 of 3rd period - Penalty to Simon Gagné is over, Simon Gagné is back on ice.
9:23 of 3rd period - Slapshot by Donald Brashear.
9:23 of 3rd period - Shot Blocked by Éric Desjardins.
9:25 of 3rd period - Wrist shot by Donald Brashear.
9:25 of 3rd period - Shot Blocked by Robert Nilsson.
9:27 of 3rd period - Slapshot by Donald Brashear.
9:27 of 3rd period - Shot Misses the Net.
9:29 of 3rd period - Slapshot by Donald Brashear.
9:29 of 3rd period - Shot Misses the Net.
9:31 of 3rd period - Wrist shot by Kim Johnsson.
9:31 of 3rd period - Shot Blocked by Marek Svatos.
10:11 of 3rd period - Minor Penalty to Alexei Yashin for Tripping.
10:12 of 3rd period - Robert Nilsson wins face-off versus Mike Richards in Canadiens zone.
10:21 of 3rd period - Tyler Sloan is hit by Mike Richards and loses puck.
10:46 of 3rd period - Robert Nilsson is hit by Jan Bulis and loses puck.
12:11 of 3rd period - Penalty to Alexei Yashin is over, Alexei Yashin is back on ice.
12:15 of 3rd period - Tyler Arnason is hit by Christian Laflamme and loses puck.
12:26 of 3rd period - Slapshot by Brian Sutherby.
12:26 of 3rd period - Shot Misses the Net.
12:28 of 3rd period - Wrist shot by Brian Sutherby.
12:28 of 3rd period - Shot Blocked by Alexei Yashin.
12:38 of 3rd period - Joffrey Lupul is hit by Christian Backman and loses puck.
13:13 of 3rd period - Patrick Eaves is hit by Shea Weber.
13:50 of 3rd period - Michel Ouellet is hit by Christian Laflamme and loses puck.
14:24 of 3rd period - Kim Johnsson is hit by Jeff Woywitka.
14:42 of 3rd period - Slapshot by Marek Svatos.
14:42 of 3rd period - Shot Misses the Net.
14:44 of 3rd period - Slapshot by Éric Desjardins.
14:44 of 3rd period - Shot Misses the Net.
15:02 of 3rd period - Icing by Jeff Woywitka.
15:03 of 3rd period - Mike Richards wins face-off versus Tyler Arnason in Canadiens zone.
15:16 of 3rd period - Ryane Clowe is hit by Mike Richards and loses puck.
15:53 of 3rd period - Off-side.
15:54 of 3rd period - Jamie Lundmark wins face-off versus Jan Bulis in neutral zone.
16:13 of 3rd period - Jamie Lundmark is hit by Jarome Iginla.
16:25 of 3rd period - Snap shot by Jarome Iginla.
16:25 of 3rd period - Stopped by Kari Lehtonen without a rebound.
16:26 of 3rd period - Robert Nilsson wins face-off versus Brian Sutherby in Canadiens zone.
16:42 of 3rd period - Minor Penalty to Mike York for Hooking.
16:43 of 3rd period - Robert Nilsson wins face-off versus Jan Bulis in Canadiens zone.
16:58 of 3rd period - Slapshot by Sean Bergenheim.
16:58 of 3rd period - Shot Misses the Net.
17:37 of 3rd period - Icing by Mike Richards.
17:38 of 3rd period - Robert Nilsson wins face-off versus Mike Richards in Red Wings zone.
18:42 of 3rd period - Penalty to Mike York is over, Mike York is back on ice.
19:00 of 3rd period - Red Wings, Mike Smith is pulled from the net.
19:06 of 3rd period - Slapshot by Simon Gagné.
19:06 of 3rd period - Stopped by Kari Lehtonen with a rebound.
19:42 of 3rd period - Snap shot by Alexei Morozov.
19:42 of 3rd period - Shot Blocked by Ryan Bayda.
Output by the SimonT Hockey Simulator (STHS) for François Prévost -- Original Page W3C XHTML 1.0 Valid